 Dungeon Crawl Stone Soup version 0.31.0-12-g77e489cdc1 (webtiles) character file.

Game seed: 12678225689416750480

23462 hawla the Severer (level 12, -11/94 HPs)
             Began as a Minotaur Fighter on Feb 17, 2024.
             Was a Follower of Yredelemnul.
             Mangled by a skeletal warrior
             ... wielding a +0 mace
              (20 damage)
             ... on level 13 of the Dungeon.
             The game lasted 00:26:27 (10033 turns).

hawla the Severer (Minotaur Fighter)               Turns: 10033, Time: 00:26:28

Health: -11/94     AC: 19    Str: 32    XL:     12   Next: 72%
Magic:  18/18      EV: 15    Int:  5    God:    Yredelemnul [*.....]
Gold:   689        SH:  5    Dex: 13    Spells: 11/11 levels left

rFire   + + .        a - +0 war axe (freeze)
rCold   + . .        h - +0 buckler {rPois}
rNeg    . . .        M - +2 plate armour {rF+}
rPois   +            (helmet restricted)
rElec   .            L - +0 cloak
rCorr   .            (no gloves)
SInv    .            v - +0 pair of boots
Will    +....        C - amulet of regeneration Stlth
                     p - +6 ring of strength
HPRegen 1.95/turn    i - ring "Buocra" {rC+ EV+5 Dex+3}
MPRegen 0.16/turn

%: no passive effects
@: about to teleport, marked, studying Spellcasting
A: horns 2, retaliatory headbutt, fire resistance 1, strong-willed 1,
regeneration 1
a: Renounce Religion, Recall Undead Harvest


You were on level 13 of the Dungeon.
You worshipped Yredelemnul.
Yredelemnul was aware of your devotion.
You visited 2 branches of the dungeon, and saw 14 of its levels.

You collected 843 gold pieces.
You spent 154 gold pieces at shops.

Inventory:

Hand Weapons
 a - a +0 war axe of freezing (weapon)
 t - a +1 executioner's axe
 H - a +3 battleaxe
Missiles
 b - 15 curare-tipped darts
 e - 9 poisoned darts (quivered)
 n - 2 throwing nets
Armour
 h - a +0 buckler of poison resistance (worn)
 v - a +0 pair of boots (worn)
 L - a +0 cloak (worn)
 M - a +2 plate armour of fire resistance (worn)
Jewellery
 f - a ring of ice
 i - the ring "Buocra" (right hand) {rC+ EV+5 Dex+3}
   (You found it on level 9 of the Dungeon)

   [ring of evasion]

   EV+5:      It affects your evasion (+5).
   Dex+3:     It affects your dexterity (+3).
   rC+:       It protects you from cold.
 o - a +6 ring of intelligence
 p - a +6 ring of strength (left hand)
 r - a ring of positive energy
 A - a +6 ring of strength
 C - an amulet of regeneration (around neck)
 J - a +4 ring of protection
 K - a +6 ring of dexterity
Wands
 k - a wand of digging (7)
 q - a wand of flame (3)
 w - a wand of mindburst (5)
 F - a wand of paralysis (11)
Scrolls
 m - a scroll of fog
 y - a scroll of vulnerability
 B - 3 scrolls of teleportation
 D - 2 scrolls of immolation
 N - 2 scrolls of poison
Potions
 d - a potion of might
 g - 2 potions of ambrosia
 j - 2 potions of attraction
 l - a potion of curing
 s - 3 potions of haste
 u - 2 potions of lignification
 x - 2 potions of enlightenment
 z - 4 potions of brilliance {unknown}
 E - 2 potions of magic {unknown}
 G - a potion of degeneration {unknown}
 I - a potion of cancellation {unknown}
Miscellaneous
 c - a phantom mirror


   Skills:
 - Level 5.0 Fighting
 + Level 17.3 Axes
 - Level 6.0 Throwing
 - Level 10.0 Armour
 - Level 6.0 Dodging
 - Level 5.0 Shields
 - Level 10.0 Invocations
 - Level 3.0 Evocations


You had 11 spell levels left.
You didn't know any spells.
Your spell library was empty.

Dungeon Overview and Level Annotations

Branches:
Dungeon (13/15)            Temple (1/1) D:6            Lair (0/5) D:10
    Orc (0/2) D:10
 Vaults: D:13-14

Altars:
Ashenzari
Cheibriados
Dithmenos
Elyvilon
Fedhas
Gozag
Hepliaklqana
Kikubaaqudgha
Makhleb
Nemelex Xobeh
Okawaru
Qazlal
Ru
Sif Muna
Trog
Uskayaw
Vehumet
Wu Jian
Xom
Yredelemnul
Zin
The Shining One

Shops:
D:2 :   D:6 *

Annotations:
D:9 1 runed translucent door, sadbutuwu's ghost, journeyman DsGl


Innate Abilities, Weirdness & Mutations

You have a pair of horns on your head.
You reflexively headbutt those who attack you in melee.
Your flesh is heat resistant. (rF+)
You are strong-willed. (Will+)
Your natural rate of healing is unusually fast.


Message History

Your queen bee zombie hits the skeletal warrior but does no damage.
Your ugly thing zombie hits the skeletal warrior!
The skeletal warrior hits your ugly thing zombie with a +0 scimitar!
The skeletal warrior hits you with a +0 mace!
* * * LOW HITPOINT WARNING * * *
You strike the helpless skeletal warrior from behind!
You slice the skeletal warrior!! You freeze the skeletal warrior.
The skeletal warrior is almost destroyed.
You hit the skeletal warrior but do no damage.
Your queen bee zombie hits the skeletal warrior but does no damage.
Unknown command.
You closely miss the skeletal warrior.
Your headbutt misses the skeletal warrior.
The skeletal warrior is almost destroyed.
You hit the skeletal warrior.
The skeletal warrior hits you with a +0 mace!
* * * LOW HITPOINT WARNING * * *
The skeletal warrior hits you with a +0 scimitar.
* * * LOW HITPOINT WARNING * * *
Your ugly thing zombie hits the skeletal warrior but does no damage.
You feel much better.
The skeletal warrior hits you but does no damage. x2
Your queen bee zombie barely misses the skeletal warrior.
Your ugly thing zombie hits the skeletal warrior.
As you read the scroll of teleportation, it crumbles to dust.
You feel strangely unstable.
The skeletal warrior hits you with a +0 mace!
* * * LOW HITPOINT WARNING * * *
The skeletal warrior hits you with a +0 scimitar.
* * * LOW HITPOINT WARNING * * *
Your queen bee zombie hits the skeletal warrior but does no damage.
Your ugly thing zombie barely misses the skeletal warrior.
The skeletal warrior hits your queen bee zombie with a +0 scimitar!!
Your queen bee zombie is destroyed!
You can no longer trade souls for undead servants.
Your ugly thing zombie closely misses the skeletal warrior.
The skeletal warrior attacks as it pursues you!
The skeletal warrior hits you with a +0 mace!!
You die...
Your body rises from the dead as a mindless zombie.

#.....#
#.....#
#.$...#
#.....#
#.....#
###
+..)..#
...
#.))..#
###
#.zzZ.#
#..@..#
#.....#
###'###
#.#
######
#.#
#....#
##)#
#....#
#..#
##....#
#.##
.#....#
#.#


You could see 2 skeletal warriors and a friendly ugly thing zombie.

Vanquished Creatures
  Fannar (D:11)
  2 centaur warriors (D:13)
  3 two-headed ogres
  2 boulder beetles
  2 death yaks (D:10)
  Urug (D:11)
  3 skeletal warriors (D:13)
  2 deep elf pyromancers
  2 ugly things
  2 unseen horrors
  A freezing wraith (D:10)
  2 ice devils (D:11)
  2 trolls
  A blink frog (shapeshifter) (D:13)
  A hornet (D:11)
  A raiju (shapeshifter) (D:10)
  Sigmund (D:2)
  2 shadows
  2 wraiths
  2 wyverns
  19 yaks
  A yak (shapeshifter) (D:13)
  A steam dragon (D:8)
  3 vampire mosquitoes (D:11)
  The ghost of turdburglar the Changeling, an amateur MfSh (D:3)
  An acid dragon (D:9)
  A water moccasin (D:8)
  A sky beast (D:6)
  An ice beast (D:6)
  2 black bears (D:5)
  4 orc warriors
  2 ogres
  5 centaurs
  2 kobold brigands
  2 gnoll sergeants
  Blork the orc (D:5)
  8 wights
  4 killer bees (D:10)
  A howler monkey (D:13)
  4 bombardier beetles (D:5)
  6 hounds
  4 orc priests
  2 iguanas
  2 jellies
  Jessica (D:2)
  2 sleepcaps (D:6)
  3 orc wizards
  10 gnolls
  6 adders
  A shadow imp (D:6)
  A white imp (D:8)
  2 ufetubi (D:6)
  2 dart slugs
  2 ribbon worms (D:2)
  28 orcs
  5 ball pythons
  9 endoplasms
  2 giant cockroaches (D:1)
  8 goblins
  7 hobgoblins
  A jackal (D:2)
  7 quokkas
  5 bats
  3 frilled lizards (D:1)
  15 kobolds
  8 rats
241 creatures vanquished.

Vanquished Creatures (collateral kills)
  A boulder beetle (D:13)
  A death yak (D:10)
  Sonja (D:11)
  A manticore (D:11)
  A queen bee (shapeshifter) (D:13)
  5 yaks
  A wraith (D:10)
  A vampire mosquito (D:11)
  A water moccasin (D:7)
  An orc warrior (D:12)
  A bullfrog (D:7)
  2 wights (D:10)
  An orc priest (D:12)
  An orc wizard (D:8)
  3 gnolls (D:8)
  A white imp (D:7)
  An orc (D:11)
24 creatures vanquished.

Vanquished Creatures (others)
  An unseen horror zombie (D:11)
  An elf zombie (D:10)
  A blink frog zombie (D:13)
  A wyvern zombie (D:9)
  A yak zombie (D:13)
  A queen bee zombie (D:13)
  3 centaur zombies (D:13)
  3 killer bee zombies (D:10)
  2 hound zombies (D:7)
  A howler monkey zombie (D:13)
  A jelly zombie (D:7)
  A spectral white imp (D:8)
  6 gnoll zombies
  3 kobold zombies (D:8)
  11 orc zombies
37 creatures vanquished.

Grand Total: 302 creatures vanquished

Notes
Turn   | Place    | Note
-------+----------+-------------------------------------------
     0 | D:1      | hawla the Minotaur Fighter began the quest for the Orb.
     0 | D:1      | Reached XP level 1. HP: 19/19 MP: 0/0
   135 | D:1      | Reached XP level 2. HP: 26/27 MP: 1/1
   732 | D:2      | Reached XP level 3. HP: 27/34 MP: 2/2
   848 | D:2      | Found Hafferchu's Book Emporium.
   985 | D:2      | Noticed Jessica
   991 | D:2      | Killed Jessica
  1273 | D:2      | Noticed Sigmund
  1276 | D:2      | Reached XP level 4. HP: 37/41 MP: 3/3
  1282 | D:2      | Killed Sigmund
  1283 | D:2      | Reached skill level 5 in Fighting
  1283 | D:2      | Reached skill level 5 in Shields
  1283 | D:2      | Reached XP level 5. HP: 16/48 MP: 1/4
  1762 | D:2      | Identified the +5 whip of Laceration {speed, rF- Str+3
                  | Int+4 SInv}
  1890 | D:3      | Found a shadowy altar of Dithmenos.
  2044 | D:3      | Reached XP level 6. HP: 56/56 MP: 5/5
  2407 | D:3      | Found a runed translucent door.
  2411 | D:3      | Found a stormy altar of Qazlal.
  2445 | D:3      | Noticed turdburglar's ghost (amateur MfSh)
  2725 | D:3      | Killed turdburglar's ghost
  2726 | D:3      | Reached skill level 5 in Throwing
  2789 | D:4      | Reached XP level 7. HP: 55/61 MP: 6/6
  3393 | D:5      | Entered Level 5 of the Dungeon
  3457 | D:5      | Reached skill level 3 in Axes
  3457 | D:5      | Reached skill level 1 in Evocations
  3478 | D:5      | Found a sparkling altar of Nemelex Xobeh.
  3705 | D:5      | Reached skill level 1 in Dodging
  4139 | D:5      | Noticed Blork the orc
  4143 | D:5      | Killed Blork the orc
  4144 | D:5      | Reached XP level 8. HP: 68/68 MP: 7/7
  4558 | D:6      | Found a staircase to the Ecumenical Temple.
  4628 | D:6      | Reached skill level 5 in Dodging
  4639 | Temple   | Entered the Ecumenical Temple
  4648 | Temple   | Became a worshipper of Yredelemnul the Dark
  4830 | D:6      | Found Zosakahuu's General Store.
  4843 | D:6      | Reached skill level 4 in Axes
  4901 | D:6      | Bought a scroll of teleportation for 36 gold pieces
  4901 | D:6      | Bought 2 curare-tipped darts for 28 gold pieces
  4901 | D:6      | Bought a scroll of enchant weapon for 90 gold pieces
  4914 | D:6      | Reached * piety under Yredelemnul
  4933 | D:6      | Reached skill level 5 in Axes
  5385 | D:7      | Gained mutation: You occasionally shout uncontrollably at
                  | your foes. [potion of mutation]
  5386 | D:7      | Lost mutation: You occasionally shout uncontrollably at
                  | your foes. [potion of mutation]
  5386 | D:7      | Gained mutation: Your flesh is heat resistant. (rF+)
                  | [potion of mutation]
  5386 | D:7      | Gained mutation: Your natural rate of healing is unusually
                  | fast. [potion of mutation]
  5386 | D:7      | Gained mutation: You are strong-willed. (Will+) [potion of
                  | mutation]
  5483 | D:7      | Reached skill level 6 in Axes
  5515 | D:7      | Found an ancient bone altar of Kikubaaqudgha.
  5521 | D:7      | Reached ** piety under Yredelemnul
  5538 | D:7      | Noticed a two-headed ogre
  5565 | D:7      | Killed a two-headed ogre
  5566 | D:7      | Reached skill level 9 in Axes
  5566 | D:7      | Reached XP level 9. HP: 27/74 MP: 3/8
  6158 | D:8      | You fall into a shaft and drop 3 floors!
  6159 | D:11     | Noticed Urug
  6171 | D:11     | Killed Urug
  6172 | D:11     | Reached skill level 11 in Axes
  6185 | D:11     | Noticed Fannar
  6191 | D:10     | Entered Level 10 of the Dungeon
  6203 | D:10     | Noticed a boulder beetle
  6203 | D:10     | Noticed a deep elf pyromancer
  6203 | D:10     | Noticed a guardian serpent
  6203 | D:10     | Noticed a freezing wraith
  6265 | D:9      | Found a runed translucent door.
  6265 | D:9      | Noticed sadbutuwu's ghost (journeyman DsGl)
  6277 | D:9      | Reached skill level 12 in Axes
  6427 | D:9      | Identified the ring "Buocra" {rC+ EV+5 Dex+3}
  6591 | D:9      | Reached XP level 10. HP: 76/81 MP: 6/9
  6988 | D:8      | Reached skill level 13 in Axes
  7023 | D:8      | Reached skill level 14 in Axes
  7332 | D:8      | Reached *** piety under Yredelemnul
  7738 | D:10     | Killed a deep elf pyromancer
  7739 | D:10     | Reached skill level 15 in Axes
  7783 | D:10     | Killed a boulder beetle
  7784 | D:10     | Reached skill level 16 in Axes
  7839 | D:10     | Found a staircase to the Orcish Mines.
  7854 | D:10     | Reached skill level 1 in Invocations
  7946 | D:10     | Found a bloodstained altar of Trog.
  7946 | D:10     | Found an iron altar of Okawaru.
  7947 | D:10     | Found a shimmering blue altar of Sif Muna.
  7965 | D:10     | Found a sacrificial altar of Ru.
  8095 | D:10     | Reached XP level 11. HP: 86/86 MP: 9/11
  8099 | D:10     | Reached **** piety under Yredelemnul
  8101 | D:10     | Reached skill level 5 in Armour
  8103 | D:10     | Reached ***** piety under Yredelemnul
  8133 | D:10     | Found a burning altar of Makhleb.
  8133 | D:10     | Noticed a blizzard demon
  8147 | D:10     | Noticed a two-headed ogre
  8151 | D:10     | Killed a two-headed ogre
  8330 | D:10     | Found a staircase to the Lair.
  8330 | D:10     | Noticed a death yak
  8332 | D:10     | Noticed a death yak
  8332 | D:10     | Noticed a death yak
  8338 | D:10     | Killed a death yak
  8346 | D:10     | Killed a death yak
  8346 | D:10     | Killed a death yak
  8347 | D:10     | Reached skill level 5 in Invocations
  8349 | D:10     | Reached ****** piety under Yredelemnul
  8478 | D:11     | Paralysed by a hornet for 2 turns
  8617 | D:11     | Noticed Sonja
  8646 | D:11     | Killed Sonja
  8762 | D:11     | Noticed a two-headed ogre
  8764 | D:11     | Noticed a boulder beetle
  8936 | D:11     | Killed Fannar
  9004 | D:11     | Killed a boulder beetle
  9005 | D:11     | Reached XP level 12. HP: 72/94 MP: 16/16
  9069 | D:11     | Killed a two-headed ogre
  9176 | D:11     | Reached skill level 10 in Armour
  9823 | D:13     | Noticed a boulder beetle
  9842 | D:13     | Killed a boulder beetle
  9843 | D:13     | Reached skill level 10 in Invocations
  9922 | D:13     | Noticed a centaur warrior
  9930 | D:13     | Killed a centaur warrior
  9960 | D:13     | Noticed a centaur warrior
  9971 | D:13     | Killed a centaur warrior
 10025 | D:13     | Reached skill level 17 in Axes
 10029 | D:13     | HP: 4/94 [skeletal warrior/+0 mace (12)]
 10029 | D:13     | HP: 1/94 [skeletal warrior/+0 scimitar (3)]
 10033 | D:13     | Mangled by a skeletal warrior

Illustrated notes

Levels and vault maps discovered:
D:1:      dpeg_arrival_prison, layout_basic
D:2:      minmay_razor_zed, layout_basic, serial_shops,
          nicolae_shop_statue_plus, minivault_23, uniq_jessica, uniq_sigmund
D:3:      layout_rooms, general_overflow_altar,
          mainiacjoe_overflow_six_doors_small, ebering_ghost_sewer_d,
          nicolae_hexahallways, grunt_decor_cap
D:4:      layout_loops_cross
D:5:      layout_gridville, nemelex_xobeh_ov_fountains_minmay,
          uniq_blork_the_orc
D:6:      layout_loops_cross, minmay_temple_entry_ruins, serial_shops, shop,
          grunt_decor_junction, bh_walls_and_bars
D:7:      layout_loops_ring, mainiacjoe_overflow_concentric_impassable
D:8:      layout_cave_pools
D:9:      layout_loops_ring, hellmonk_ghost_happy_afterlife
D:10:     layout_gridville, makhleb_altar_promises_db,
          mainiacjoe_overflow_alcove_2, gammafunk_temple_overflow_claw,
          dpeg_lair_monsters, orc_0_dummy, minmay_misc_feat_room,
          grunt_decor_mini_mirrors, wad_floor_pattern_untrapped, minmay_radiant
D:11:     layout_roguey, portal_ice_cave_demonic_guard, uniq_sonja, uniq_fannar,
          uniq_urug
D:12:     layout_rooms, chequers_serial_rivers_small_a
D:13:     layout_roguey, erik_vaults_1
Temple:   nicolae_temple_ecumenical_triangle

Skill      XL: |  1  2  3  4  5  6  7  8  9 10 11 12 |
---------------+-------------------------------------+-----
Fighting       | 4 5 |  5.0
Shields        | 4 5 |  5.0
Throwing       | 4 6 |  6.0
Axes           | 3 9 12 16 17 | 17.3
Evocations     | 3 |  3.0
Dodging        | 4 6 |  6.0
Armour         | 4 9 10 | 10.0
Invocations    | 1 7 10 | 10.0

Action                     |  1- 3 |  4- 6 |  7- 9 | 10-12 || total
---------------------------+-------+-------+-------+-------++-------
  Melee: War axe           |    66 |    70 |   232 |   343 ||   711
         Headbutt          |    11 |    14 |    29 |    75 ||   129
  Throw: Dart              |       |       |     2 |     3 ||     5
 Invoke: Recall Undead Har |       |       |       |     1 ||     1
  Evoke: Wand              |       |       |    11 |       ||    11
    Use: Scroll            |       |     6 |    11 |     7 ||    24
         Potion            |       |       |     5 |     3 ||     8
   Stab: Paralysed         |       |       |     3 |       ||     3
         Distracted        |       |       |       |     6 ||     6
 Armour: Scale mail        |    56 |    17 |       |       ||    73
         Chain mail        |       |    25 |   211 |    75 ||   311
         Plate armour      |       |       |       |   191 ||   191
  Dodge: Dodged            |    39 |    22 |   109 |   197 ||   367
  Block: Buckler           |    11 |    21 |    61 |    66 ||   159
